Map: Cerulean Fall LE

Players

Ventoron

  • Race: Terran Terran
  • League: Platinum
  • Spawn Location: 1:00

Siren - Winner!

  • Race: Terran Terran
  • League: Diamond
  • Spawn Location: 7:00

VOD

Have the link to the VOD?

Description

Time

  • Played on: Jan. 1, 2019, 12:36 p.m.
  • Length: 7:43
Show
View Real Time Build Order
Export as new Build Order

Ventoron Terran 

Build Orders: Reaper Expand 

Get SALT Encoding   

  12  0:01  SCV  
  13  0:13  SCV  
  14  0:17  Supply Depot  
  14  0:25  SCV  
  15  0:39  SCV  
  15  0:41  Barracks  
  16  0:46  Refinery  
  16  0:51  SCV  
  17  1:03  SCV  
  18  1:15  SCV  
  19  1:27  Orbital Command  
  19  1:30  Reaper  
  20  1:43  Command Center  
  20  1:49  Refinery  
  20  1:53  SCV  
  21  2:01  Supply Depot  
  21  2:02  Barracks Reactor  
  21  2:05  SCV  
  22  2:18  SCV  
  23  2:26  Factory  
  23  2:30  SCV  
  24  2:42  SCV  
  25  2:47  Marine x2  
  27  2:54  Orbital Command, SCV  
  28  3:06  SCV  
  28  3:08  Marine x2  
  28  3:11  Widow Mine  
  33  3:13  Starport  
  33  3:18  SCV  
  34  3:20  SCV  
  35  3:30  SCV  
  35  3:32  SCV  
  37  3:46  SCV  
  37  3:47  Marine, SCV  
  37  3:48  Marine  
  40  3:49  Widow Mine  
  42  3:56  Supply Depot  
  42  3:57  Supply Depot  
  42  3:59  SCV x2  
  44  4:05  Marine x2, Starport Reactor  
  44  4:08  Starport Tech Lab  
  46  4:12  Factory Tech Lab, Starport Tech Lab  
  46  4:18  Barracks, SCV x2  
  46  4:20  Barracks  
  48  4:25  Refinery  
  48  4:26  Refinery  
  48  4:30  SCV x2  
  50  4:33  Marine, Supply Depot  
  50  4:34  Marine, Supply Depot  
  52  4:42  SCV x2  
  54  4:48  Factory Tech Lab  
  54  4:49  Starport Reactor  
  54  4:51  Marine x2  
  56  4:54  SCV x2  
  58  5:01  Engineering Bay  
  58  5:06  Engineering Bay, SCV x2  
  60  5:09  Marine x2  
  62  5:16  Stimpack, Combat Shield  
  62  5:19  SCV  
  62  5:20  SCV  
  64  5:27  Marine x2  
  54  5:59  Marine x2  
  54  6:03  Barracks Reactor  
  54  6:05  Medivac  
  54  6:06  Medivac  
  58  6:14  Siege Tank  
  58  6:16  Marine  
  58  6:17  Marine, Command Center  
  63  6:34  Marine x2  
  63  6:35  Medivac  
  63  6:36  Medivac  
  69  6:42  Marine x2  
  71  6:52  Marine x2  
  71  6:53  Barracks  
  71  6:54  Barracks  
  73  6:59  Armory  
  73  7:00  Marine x2  
  75  7:08  Missile Turret  
  75  7:10  Marine x2  
  75  7:11  Missile Turret  
  75  7:14  Missile Turret  
  77  7:16  Supply Depot  
  77  7:17  Marine  
  77  7:18  Marine  
Show
View Real Time Build Order
Export as new Build Order

Siren Terran - Winner!

Build Orders:  

Get SALT Encoding   

  12  0:00  SCV  
  13  0:13  SCV  
  14  0:18  Supply Depot  
  14  0:25  SCV  
  15  0:40  SCV  
  15  0:42  Barracks  
  16  0:45  Refinery  
  16  0:52  SCV  
  17  1:04  SCV  
  18  1:16  SCV  
  19  1:28  Orbital Command  
  19  1:29  Reaper  
  20  1:33  Barracks  
  20  1:37  Supply Depot  
  20  1:54  SCV  
  21  2:04  Command Center  
  21  2:08  Barracks Tech Lab  
  21  2:11  SCV  
  22  2:20  Refinery  
  22  2:23  SCV  
  22  2:25  Factory  
  23  2:35  SCV  
  24  2:48  Marine x2  
  24  2:50  SCV  
  27  2:55  Supply Depot  
  27  3:02  SCV  
  28  3:07  Marine  
  28  3:08  Marine  
  28  3:11  Factory Tech Lab  
  30  3:14  Starport  
  30  3:22  Stimpack  
  30  3:25  SCV  
  29  3:50  Siege Tank  
  29  3:51  Orbital Command  
  32  3:58  Command Center  
  32  4:00  Barracks Reactor  
  32  4:01  Marine  
  33  4:06  Medivac  
  35  4:14  SCV  
  36  4:21  SCV  
  36  4:22  Marine  
  38  4:27  SCV  
  39  4:33  SCV, Siege Tank  
  43  4:39  SCV  
  43  4:40  Marine  
  45  4:54  Barracks Reactor  
  45  4:58  Marine  
  46  5:03  Barracks  
  46  5:04  SCV x2  
  48  5:16  Marine, SCV x2  
  47  5:44  Siege Tank  
  47  5:48  Factory  
  50  5:50  Marine  
  50  5:51  Combat Shield, Marine  
  50  5:52  Marine  
  50  5:53  Marine  
  52  5:57  Engineering Bay  
  52  6:01  Medivac  
  54  6:08  Marine  
  54  6:10  Orbital Command  
  54  6:11  Barracks x2  
  55  6:14  Barracks Reactor  
  55  6:15  Marine x2  
  57  6:20  Engineering Bay  
  57  6:21  SCV x2  
  57  6:22  Refinery x2  
  59  6:33  SCV x2  
  59  6:34  Viking x2  
  59  6:35  SCV  
  66  6:45  SCV x2  
  68  6:47  SCV  
  69  7:05  Supply Depot  
  69  7:06  Supply Depot x2  
  69  7:27  SCV x3  
Tags
 
Add a new tag
Caveats
  • Supply blocks, unpowered buildings, or Contaminate may cause inaccurate times.
  • Supply counts are checked every 10 seconds.